Map: Dusk Towers

Players

Glorfindel - Winner!

  • Race: Terran Terran
  • League: Master

Mamène

  • Race: Zerg Zerg
  • League: Grandmaster

VOD

Have the link to the VOD?

Description

Time

  • Played on: July 7, 2016, 7:51 a.m.
  • Length: 20:52
Show
View Real Time Build Order
Export as new Build Order

Glorfindel Terran - Winner!

Build Orders: Liberator Opening, Reaper Expand, MMM Bio 

Get SALT Encoding   

  12  0:01  SCV  
  13  0:13  SCV  
  14  0:18  Supply Depot  
  14  0:25  SCV  
  15  0:39  SCV  
  15  0:41  Barracks  
  16  0:44  Refinery  
  16  0:51  SCV  
  17  1:04  SCV  
  18  1:16  SCV  
  19  1:29  Orbital Command, Reaper  
  20  1:41  Command Center  
  20  1:52  Supply Depot  
  20  1:54  SCV  
  21  2:03  Barracks Reactor  
  21  2:06  SCV  
  21  2:08  Refinery  
  22  2:18  SCV  
  23  2:23  Factory  
  23  2:30  SCV  
  24  2:40  Marine x2  
  24  2:43  SCV  
  27  2:55  SCV  
  27  2:56  Orbital Command  
  28  3:07  Refinery, SCV  
  28  3:10  Barracks Reactor, Starport  
  29  3:14  Hellion  
  29  3:15  Hellion  
  29  3:19  SCV  
  34  3:20  Supply Depot  
  34  3:24  SCV  
  35  3:31  SCV  
  36  3:36  Hellion x2, SCV  
  36  3:41  Liberator  
  41  3:43  SCV  
  41  3:45  Supply Depot  
  41  3:48  Liberator, SCV  
  43  3:55  Armory  
  46  4:06  SCV  
  46  4:07  SCV  
  51  4:11  Hellion  
  51  4:14  Hellion  
  55  4:18  SCV  
  56  4:26  SCV  
  56  4:31  SCV  
  58  4:34  Supply Depot, Barracks Tech Lab  
  62  4:38  SCV  
  62  4:43  Command Center  
  59  4:49  Factory Tech Lab  
  59  4:52  Barracks  
  59  4:54  Barracks, SCV  
  59  4:58  Starport Reactor  
  60  5:04  SCV  
  55  5:14  Marine  
  54  5:21  SCV  
  54  5:23  SCV  
  55  5:31  Stimpack  
  55  5:32  Marine  
  55  5:33  SCV  
  55  5:35  Barracks, SCV  
  54  5:36  Barracks  
  54  5:38  Marine x2  
  54  5:39  Medivac x2  
  54  5:42  Marine  
  58  5:45  SCV  
  58  5:47  SCV  
  60  5:50  Marine  
  60  5:51  Marine  
  60  5:55  Orbital Command  
  60  5:56  Marine  
  63  5:57  SCV  
  63  6:00  Refinery, SCV  
  63  6:02  Marine  
  66  6:05  Marine  
  66  6:07  Marine  
  66  6:09  Medivac, Marine  
  66  6:11  SCV  
  69  6:14  SCV, Marine  
  71  6:19  Engineering Bay  
  71  6:20  Engineering Bay, Marine  
  71  6:23  SCV, Barracks Tech Lab  
  71  6:24  Barracks Tech Lab  
  71  6:25  Marine  
  73  6:26  Marine x2  
  76  6:35  Marine  
  76  6:36  Siege Tank  
  76  6:37  SCV x2  
  82  6:44  Marine x2  
  82  6:46  Marine x2  
  85  6:51  Combat Shields  
  85  6:53  Supply Depot  
  85  6:56  Terran Infantry Weapons Level 1, Terran Infantry Armor Level 1, Supply Depot  
  85  7:14  Medivac x2, Marine x4  
  93  7:17  Marine x3  
  95  7:27  Orbital Command  
  84  7:32  Marine x4  
  84  7:35  Marine x3  
  91  7:38  Concussive Shells  
  91  7:44  Medivac x2  
  91  7:45  SCV x2  
  91  7:50  Marine x4  
  101  7:51  Barracks x2  
  101  7:57  Supply Depot  
  101  7:59  Marine x3, Supply Depot  
  104  8:07  Marine x4  
  108  8:17  Marine  
  108  8:18  Marine x2  
  92  8:45  Marine  
  92  8:47  Marine  
  85  8:50  Marine x3  
  85  8:51  Marine x2  
  85  8:53  Barracks Reactor  
  89  8:56  Barracks, Medivac x2  
  89  8:58  Barracks, Barracks Reactor, SCV x2  
  89  8:59  Terran Infantry Weapons Level 2, Terran Infantry Armor Level 2  
  89  9:00  Supply Depot  
  89  9:01  SCV  
  96  9:03  Supply Depot, Marine  
  96  9:04  Supply Depot  
  96  9:05  Marine, Supply Depot  
  96  9:07  Supply Depot  
  96  9:08  Marine  
  101  9:10  SCV  
  101  9:12  Marauder x2  
  101  9:13  Marauder  
  101  9:14  Marine  
  101  9:16  Liberator  
  106  9:17  Refinery  
  106  9:18  Refinery  
  106  9:21  Marine  
  106  9:23  Marine  
  108  9:26  Marine  
  108  9:30  Marine x2  
  111  9:31  Marine  
  111  9:33  Marauder  
  111  9:34  Marauder x2  
  121  9:38  Marine  
  121  9:41  Marine x3  
  121  9:44  Marine  
  126  9:48  Marine x2  
  126  9:49  Marine  
  129  9:55  Marauder x2  
  129  9:56  Marauder, Marine  
  129  9:59  Marine x3  
  139  10:09  Marine x2  
  141  10:16  Marauder  
  141  10:17  Marauder x2, Marine x2  
  141  10:21  Marine  
  149  10:23  Marine  
  149  10:27  Marine  
  150  10:30  Liberator x2  
  150  10:31  Marine  
  150  10:33  Marine  
  150  10:35  Marine x2  
  137  10:38  Marauder x3, Marine  
  137  10:39  Barracks Tech Lab, Marine  
  141  10:43  Marine  
  141  10:45  Supply Depot x2  
  148  10:54  Marine x2  
  150  10:59  Marauder x2, Marine x3  
  157  11:07  Marine x2  
  157  11:08  Marauder, Supply Depot  
  161  11:20  Marine x2  
  161  11:21  Marine x2  
  161  11:22  Marine x2  
  132  11:27  Marine x2  
  132  11:28  Marine x2  
  132  11:30  Liberator  
  132  11:32  Marine x2  
  115  11:36  Marine  
  115  11:38  Marine x2  
  113  11:42  Marine x2  
  113  11:43  Marine x2  
  113  11:45  Marine x2  
  113  11:46  Marine x2  
  116  11:50  Marine x2  
  126  11:54  Marauder  
  126  11:56  Marine x2  
  126  11:59  Marine  
  126  12:00  Marine  
  126  12:01  Marine x2  
  130  12:02  Marine  
  130  12:03  Marine  
  130  12:04  Marauder  
  130  12:05  Marine  
  129  12:08  Marauder x2  
  129  12:13  Thor, Marine  
  129  12:14  Marine  
  129  12:15  Marine  
  125  12:17  Marine x2  
  125  12:19  Liberator x2, Marine  
  125  12:21  Terran Infantry Weapons Level 3, Terran Infantry Armor Level 3  
  116  12:25  Marauder  
  118  12:30  Orbital Command  
  124  12:42  Marauder, Marine  
  124  12:43  Marauder  
  129  13:02  Marine x2  
  129  13:03  Marine  
  129  13:04  Marine  
  119  13:05  Marine  
  119  13:07  Marine x2  
  119  13:10  Marine x2  
  124  13:15  Marine x2  
  126  13:21  Marine x2  
  126  13:25  Liberator  
  128  13:28  Marine x3  
  128  13:29  Marauder, Marine x3  
  128  13:30  Marauder, Marine  
  128  13:33  Marauder x2  
  143  13:39  Marine x2  
  144  13:46  Marine x3  
  144  13:47  Marine  
  151  13:50  Marauder  
  151  13:51  Marauder  
  155  14:03  Marauder, Marine x4  
  155  14:04  Marauder, Marine x3  
  155  14:09  Marine x2  
  168  14:12  Marauder  
  168  14:13  Marauder  
  168  14:15  Liberator x2  
  172  14:20  Marine  
  172  14:21  Marine x2  
  167  14:30  Marine x2  
  168  14:45  Marine x2  
  168  14:46  Marauder, Marine  
  168  14:47  Marine x3  
  168  14:48  Marauder  
  168  14:49  Marine x3  
  168  14:50  Marauder  
  183  14:52  Marauder  
  183  14:58  Liberator x2  
  183  15:03  Marine x3  
  183  15:05  Marine  
  187  15:12  Marine x2  
  187  15:13  Marine  
  131  15:30  Marine x2  
  131  15:33  Marine x2  
  122  15:36  Marine  
  122  15:37  Marine  
  122  15:41  Liberator x2  
  114  15:44  Marine  
  114  15:45  Marine  
  114  15:48  Marauder, Marine x2  
  110  15:59  Marine  
  110  16:00  Marine  
  110  16:01  Marauder x2, Marine x2  
  113  16:04  SCV x3  
  113  16:09  Marauder, Marine x2  
  113  16:10  Marauder  
  120  16:19  SCV  
  120  16:22  Marine x2  
  120  16:23  SCV x2, Marauder  
  127  16:26  Liberator x2  
  127  16:30  Marauder, Marine x3  
  127  16:31  Marauder  
  134  16:33  SCV  
  134  16:39  SCV  
  137  16:40  Marauder, Marine  
  145  16:47  Marine  
  145  16:48  Marauder  
  145  16:51  Marauder, Marine x2  
  152  16:55  Marauder  
  152  16:58  Starport  
  152  17:01  Marine  
  154  17:02  Starport  
  154  17:03  Marine x2  
  154  17:04  Marine  
  158  17:09  SCV  
  158  17:10  Orbital Command  
  158  17:12  Bunker  
  159  17:20  SCV  
  160  17:25  Missile Turret  
  160  17:26  SCV, Medivac x2  
  165  17:32  Refinery, SCV  
  165  17:35  Starport Tech Lab  
  166  17:38  Fusion Core, SCV  
  166  17:40  Starport Reactor  
  166  17:43  Refinery  
  167  17:47  Supply Depot  
  167  17:49  Engineering Bay  
  167  17:55  Missile Turret  
  167  17:56  Medivac x2  
  171  18:00  Medivac  
  173  18:12  Marine x2  
  175  18:21  Liberator x2  
  175  18:26  Medivac x3  
  178  18:31  Marine x2  
  180  18:35  Marine x2  
  180  18:36  Marauder, Marine x2  
  180  18:39  Liberator, Advanced Ballistics  
  180  18:40  Liberator  
  192  18:50  Marine x2  
  192  18:53  Orbital Command  
  170  19:09  Liberator x3  
  157  19:13  Marine x2  
  158  19:21  Liberator  
  155  19:24  Marine x2  
  155  19:28  Liberator  
  163  19:34  Marine x2  
  164  19:44  Marauder, Marine x4  
  164  19:45  Marauder  
  158  19:46  Marine  
  158  19:50  Marauder, Marine x3  
  158  19:52  Liberator  
  164  20:06  Marine x2  
  164  20:07  Marauder, Marine  
  168  20:08  Marine x2  
  174  20:14  Marine x2  
  174  20:20  Marine  
  176  20:21  Marine x2  
  176  20:22  Marauder, Marine  
  176  20:24  Marine x3  
  176  20:26  Marine x2  
  188  20:28  Marauder  
  188  20:32  Marine  
  189  20:38  Refinery  
  189  20:42  Refinery  
Show
View Real Time Build Order
Export as new Build Order

Mamène Zerg 

Build Orders: Hatch First, Muta Ling Bane 

Get SALT Encoding   

  12  0:01  Drone  
  13  0:13  Overlord  
  13  0:17  Drone  
  14  0:21  Extractor  
  14  0:23  Drone  
  15  0:33  Drone  
  15  0:34  Drone  
  17  0:55  Hatchery  
  16  1:00  Drone  
  16  1:01  Extractor  
  16  1:04  Drone  
  17  1:18  Spawning Pool  
  16  1:21  Drone  
  16  1:25  Drone  
  18  1:30  Drone  
  19  1:42  Overlord  
  19  2:05  Metabolic Boost  
  19  2:06  Queen  
  19  2:07  Queen  
  19  2:08  Zergling x2  
  24  2:11  Zergling x2  
  25  2:16  Zergling x2  
  25  2:17  Drone  
  25  2:21  Drone  
  28  2:24  Drone  
  29  2:31  Extractor  
  27  2:42  Queen  
  30  2:50  Queen  
  30  2:51  Overlord  
  32  2:53  Drone x2  
  32  2:58  Drone  
  35  3:12  Hatchery  
  34  3:20  Overlord  
  34  3:23  Drone x3  
  34  3:24  Drone  
  38  3:29  Drone  
  38  3:30  Drone  
  40  3:43  Drone x3  
  40  3:44  Drone  
  40  3:46  Zergling x2  
  45  3:52  Drone x3  
  45  3:53  Baneling Nest  
  47  3:56  Zergling x2  
  47  4:01  Overlord x2  
  48  4:05  Zergling x4  
  50  4:11  Spore Crawler x2  
  50  4:12  Zergling x2  
  49  4:19  Zergling x2  
  49  4:20  Zergling x2  
  49  4:21  Zergling x2  
  52  4:30  Zergling x8  
  56  4:36  Baneling x5  
  56  4:37  Baneling x2  
  56  4:43  Drone x5  
  56  4:45  Extractor  
  60  4:53  Drone  
  60  4:54  Drone x2  
  60  4:55  Queen  
  60  4:59  Drone x5  
  60  5:16  Baneling  
  60  5:17  Baneling x3  
  57  5:23  Zergling x14  
  62  5:32  Zergling x10  
  62  5:33  Zergling x2  
  66  5:38  Queen  
  66  5:41  Extractor  
  66  5:42  Evolution Chamber  
  66  5:43  Evolution Chamber  
  65  5:54  Drone x4  
  65  5:55  Drone  
  67  6:04  Overlord  
  66  6:14  Drone  
  66  6:15  Drone  
  66  6:17  Zerg Ground Armor Level 1, Zerg Melee Weapons Level 1  
  68  6:22  Overlord x3  
  68  6:23  Overlord  
  68  6:27  Extractor  
  68  6:30  Drone x3  
  70  6:35  Lair  
  70  6:37  Drone  
  70  6:38  Drone  
  72  6:44  Drone  
  72  6:45  Drone x4  
  77  6:55  Drone  
  77  6:56  Drone x2  
  79  7:06  Zergling x4  
  79  7:07  Zergling x14  
  79  7:08  Zergling x6  
  88  7:18  Baneling Nest  
  86  7:31  Drone x5  
  86  7:32  Drone x3  
  94  7:42  Extractor  
  94  7:43  Extractor  
  92  7:48  Drone  
  92  7:49  Drone  
  94  7:53  Pneumatized Carapace  
  94  8:00  Spire, Drone x2  
  94  8:01  Drone  
  94  8:04  Centrifical Hooks  
  96  8:13  Zerg Ground Armor Level 2  
  96  8:14  Zerg Melee Weapons Level 2  
  96  8:15  Zergling x4  
  96  8:16  Zergling x10  
  97  8:27  Zergling x4  
  97  8:28  Zergling x12  
  103  8:47  Spire, Spawning Pool  
  101  8:52  Baneling x2  
  101  8:53  Baneling  
  101  8:59  Drone x3  
  104  9:06  Drone x2  
  104  9:07  Extractor  
  104  9:09  Overlord x4  
  105  9:18  Overlord x4  
  105  9:26  Baneling x4  
  105  9:27  Baneling x2  
  105  9:28  Hatchery  
  105  9:29  Drone x2  
  105  9:30  Drone x2  
  108  9:32  Baneling x2  
  108  9:33  Baneling x4  
  108  9:38  Zergling x12  
  112  9:39  Zergling x4, Infestation Pit  
  112  9:40  Zergling x4  
  112  9:45  Zergling x4  
  119  9:47  Overseer  
  119  9:54  Zergling x6  
  119  9:57  Baneling x5  
  119  9:58  Baneling  
  119  9:59  Mutalisk x4  
  125  10:18  Mutalisk x3  
  125  10:19  Mutalisk x2  
  135  10:30  Hatchery  
  135  10:35  Mutalisk x2  
  132  10:39  Zergling x6  
  132  10:40  Zergling x8  
  140  10:44  Overlord x2  
  140  10:46  Zergling x6, Mutalisk x2  
  147  10:52  Baneling x4  
  147  11:07  Hive  
  138  11:22  Corruptor x3  
  138  11:23  Zergling x8  
  138  11:24  Zergling x12  
  138  11:25  Zergling x2  
  123  11:28  Zergling x4  
  123  11:29  Zergling x4  
  123  11:30  Zergling x4  
  112  11:46  Zergling x12  
  116  11:49  Zergling x2  
  116  11:51  Zergling x6  
  116  11:52  Queen  
  122  11:54  Zergling x2  
  122  11:55  Zergling x8  
  122  11:58  Baneling x2  
  122  11:59  Baneling x2  
  127  12:02  Zergling x4  
  127  12:03  Zergling x2  
  112  12:12  Zergling x8  
  115  12:27  Zergling x10, Ultralisk Cavern  
  115  12:28  Zergling x12  
  125  12:39  Baneling x7  
  77  13:07  Zergling x12  
  77  13:08  Zergling x16  
  77  13:09  Zergling x4  
  77  13:10  Zergling x2  
  77  13:12  Zergling x2  
  95  13:16  Zergling x6  
  95  13:18  Chitinous Plating  
  96  13:35  Ultralisk  
  96  13:36  Ultralisk  
  108  13:46  Ultralisk  
  114  13:56  Ultralisk  
  117  14:23  Ultralisk x3  
  117  14:24  Corruptor  
  122  14:31  Zergling x8  
  122  14:32  Zergling x4  
  122  14:33  Zergling x2  
  128  14:41  Corruptor  
  128  14:46  Corruptor x2  
  128  14:48  Corruptor  
  134  14:59  Corruptor x2  
  136  15:15  Corruptor  
  136  15:16  Zergling x10  
  117  15:27  Corruptor  
  110  15:34  Corruptor  
  104  15:43  Ultralisk  
  92  16:18  Hatchery  
  90  17:20  Ultralisk x3  
  108  17:53  Hatchery  
  107  18:00  Ultralisk  
  112  18:30  Corruptor x4  
  75  19:18  Ultralisk  
  81  19:30  Ultralisk  
Tags
 
Add a new tag
Caveats
  • Supply blocks, unpowered buildings, or Contaminate may cause inaccurate times.
  • Supply counts are checked every 10 seconds.